 Dungeon Crawl Stone Soup version 0.24.0-123-gd5b16e6ec5 (webtiles) character file.

Game seed: 10500005218951299157, levelgen mode: deterministic

397 Peloso the Covered (level 6, -7/53 HPs)
             Began as a Minotaur Fighter on Dec 26, 2019.
             Mangled by an ogre
             ... wielding a +0 giant club
              (22 damage)
             ... on level 4 of the Dungeon.
             The game lasted 00:07:01 (3090 turns).

Peloso the Covered (Minotaur Fighter)               Turns: 3090, Time: 00:07:01

Health: -7/53      AC:  9    Str: 21      XL:     6   Next: 53%
Magic:  5/5        EV:  8    Int:  4 (5)  God:
Gold:   192        SH: 10    Dex: 10 (11) Spells: 5/5 levels left

rFire    . . .     SeeInvis .   a - +0 long sword
rCold    . . .     Gourm    .   c - +0 shield
rNeg     . . .     Faith    .   b - +0 scale mail
rPois    .         Spirit   .   (helmet restricted)
rElec    .         Reflect  .   (no cloak)
rCorr    .         Harm     .   j - +0 pair of gloves
MR       .....                  m - +0 pair of boots
Stlth    ..........             (no amulet)
HPRegen  0.17/turn              (no ring)
MPRegen  0.09/turn              (no ring)

@: no status effects
A: retaliatory headbutt, horns 2
a: no special abilities


You were on level 4 of the Dungeon.
You were very hungry.

You visited 1 branch of the dungeon, and saw 4 of its levels.

You collected 192 gold pieces.

Inventory:

Hand Weapons
 a - a +0 long sword (weapon)
 p - a +1 rapier of flaming
Armour
 b - a +0 scale mail (worn)
 c - a +0 shield (worn)
 j - a +0 pair of gloves (worn)
 m - a +0 pair of boots (worn)
Scrolls
 e - a scroll of blinking
 h - a scroll of fear {unknown}
 i - 4 scrolls of fog {unknown}
 k - 6 scrolls of teleportation {unknown}
 l - a scroll of noise {unknown}
Potions
 n - 2 potions of magic
 o - 2 potions of heal wounds
Comestibles
 f - 8 rations


   Skills:
 + Level 4.5 Fighting
 + Level 5.1 Long Blades
 + Level 5.4 Armour
 + Level 1.6 Dodging
 + Level 0.6 Stealth
 + Level 5.2 Shields


You had 5 spell levels left.
You didn't know any spells.
Your spell library was empty.

Dungeon Overview and Level Annotations

Branches:
Dungeon (4/15)             Temple (0/1) D:4

Altars:
Gozag
Makhleb
Nemelex Xobeh
Trog


Innate Abilities, Weirdness & Mutations

You reflexively headbutt those who attack you in melee.
You have a pair of horns on your head.


Message History

You headbutt the ogre!
The ogre is moderately wounded.
There is a stone staircase leading up here.
You hit the ogre. Your headbutt misses the ogre.
The ogre is moderately wounded.
The ogre hits you with a +0 giant club!
You slash the ogre! You headbutt the ogre.
The ogre is severely wounded.
You block the ogre's attack.
You closely miss the ogre. Your headbutt misses the ogre.
The ogre is severely wounded.
The ogre hits you with a +0 giant club!!
* * * LOW HITPOINT WARNING * * *
You closely miss the ogre.
The ogre is severely wounded.
The ogre barely misses you.
You hit the ogre but do no damage.
The ogre is severely wounded.
The ogre hits you with a +0 giant club!!
You die...

############ #..........#
#..........# #..........#
#.....<....#
##########..........#
#####.>.................#
##.....########.O........#
...##### #.@........# ####
#..........# #
#..........# #..#########
##.## ##..#
#############..###
....#.....##.....##
..................##


You could see an ogre.

Vanquished Creatures
  An orc wizard (D:3)
  An iguana (D:4)
  Natasha (twice) (D:2)
  4 worker ants (D:4)
  A worker ant zombie (D:3)
  9 adders
  4 worms (D:2)
  3 dart slugs
  3 leopard geckos
  5 orcs (D:3)
  6 bats
  6 giant cockroaches
  5 goblins
  8 hobgoblins
  8 jackals
  3 quokkas (D:2)
  4 frilled lizards (D:2)
  8 kobolds
  A quokka skeleton (D:4)
  8 rats
90 creatures vanquished.

Vanquished Creatures (others)
  A giant cockroach (D:3)
1 creature vanquished.

Grand Total: 91 creatures vanquished

Notes
Turn   | Place    | Note
-------+----------+-------------------------------------------
     0 | D:1      | Peloso the Minotaur Fighter began the quest for the Orb.
     0 | D:1      | Reached XP level 1. HP: 19/19 MP: 0/0
   109 | D:1      | Reached XP level 2. HP: 27/27 MP: 1/1
   648 | D:2      | Noticed Natasha
   649 | D:2      | Reached XP level 3. HP: 23/33 MP: 2/2
   657 | D:2      | Killed Natasha
   696 | D:2      | Found a burning altar of Makhleb.
   805 | D:2      | Found a sparkling altar of Nemelex Xobeh.
   843 | D:2      | Found an opulent altar of Gozag.
   853 | D:2      | Reached XP level 4. HP: 39/40 MP: 3/3
  1138 | D:2      | Reached skill level 1 in Dodging
  1240 | D:2      | Noticed Natasha
  1249 | D:2      | Killed Natasha
  1249 | D:2      | Reached skill level 5 in Armour
  1249 | D:2      | Reached XP level 5. HP: 12/46 MP: 4/4
  2413 | D:3      | Reached XP level 6. HP: 52/52 MP: 5/5
  2415 | D:3      | Found a bloodstained altar of Trog.
  2568 | D:4      | Reached skill level 5 in Shields
  2678 | D:4      | Found a staircase to the Ecumenical Temple.
  2736 | D:4      | Reached skill level 5 in Long Blades
  3090 | D:4      | Mangled by an ogre

Levels and vault maps discovered:
D:1:      lightli_arrival_flooded_house, layout_basic, st_stairs_8
D:2:      minmay_recursive_quarters, layout_basic, grunt_gozag_statues,
          lemuel_crystal_altar, nemelex_altar_shiori, uniq_natasha
D:3:      layout_basic, first_ration, trog_book
D:4:      layout_rooms, old_standard_altar, kennysheep_mini_moat,
          minmay_temple_entry_from_below_a, uniq_edmund

Skill      XL: |  1  2  3  4  5  6 |
---------------+-------------------+-----
Fighting       | 4 |  4.5
Armour         | 4 5 |  5.4
Shields        | 4 5 |  5.2
Long Blades    | 3 4 5 |  5.1
Dodging        | 1 |  1.6
Stealth        | |  0.6

Action                   |  1- 3 |  4- 6 || total
-------------------------+-------+-------++-------
Melee: Long sword        |    70 |   193 ||   263
       Headbutt          |     9 |    40 ||    49
  Use: Potion            |     1 |     2 ||     3
       Scroll            |       |     4 ||     4
  Eat: Chunk             |       |     6 ||     6
Armor: Scale mail        |    31 |   100 ||   131
Dodge: Dodged            |    24 |    69 ||    93
Block: Shield            |    45 |   111 ||   156
       Rpst.: Long sword |    10 |    19 ||    29
